 Dungeon Crawl Stone Soup version 0.25.1-2-g60ff931df9 (webtiles) character file.

Game seed: 16117282372243618453

752 Delamore the Cudgeler (level 7, 0/44 HPs)
             Began as a Gargoyle Fighter on Oct 15, 2020.
             Was an Initiate of Okawaru.
             Slain by a two-headed ogre
             ... wielding a +0 giant club
              (18 damage)
             ... on level 4 of the Dungeon.
             The game lasted 00:03:16 (4266 turns).

Delamore the Cudgeler (Gargoyle Fighter)            Turns: 4266, Time: 00:03:17

Health: 0/44       AC: 15    Str: 22    XL:     7   Next: 78%
Magic:  7/7        EV:  5    Int:  8    God:    Okawaru [......]
Gold:   223        SH: 10    Dex:  9    Spells: 6/6 levels left

rFire    . . .     SeeInvis .   k - +1 whip (venom)
rCold    . . .     Gourm    .   c - +0 kite shield
rNeg     + . .     Faith    .   r - +0 chain mail
rPois    ∞         Spirit   .   (no helmet)
rElec    +         Reflect  .   (no cloak)
rCorr    .         Harm     .   u - +0 pair of gloves
MR       +....                  (no boots)
Stlth    ..........             w - amulet of magic regeneration
HPRegen  0.14/turn              q - ring of protection from magic
MPRegen  0.35/turn              (no ring)

@: no status effects
A: negative energy resistance 1, electricity resistance, unbreathing,
petrification resistance, rot immunity, AC +4
a: Renounce Religion


You were on level 4 of the Dungeon.
You worshipped Okawaru.
Okawaru was noncommittal.
You were not hungry.

You visited 1 branch of the dungeon, and saw 5 of its levels.

You collected 223 gold pieces.

Inventory:

Hand Weapons
 a - a +0 flail
 k - a +1 whip of venom (weapon)
Missiles
 s - 2 throwing nets (quivered)
Armour
 b - a +0 scale mail
 c - a +0 kite shield (worn)
 r - a +0 chain mail (worn)
 u - a +0 pair of gloves (worn)
Jewellery
 q - a ring of protection from magic (left hand)
 w - an amulet of magic regeneration (around neck)
Wands
 o - a wand of enslavement (6)
 y - a wand of paralysis (9)
Scrolls
 e - 4 scrolls of identify {unknown}
 i - 2 scrolls of enchant armour {unknown}
 n - a scroll of immolation {unknown}
 p - 2 scrolls of remove curse {unknown}
 t - a scroll of teleportation {unknown}
Potions
 d - 2 potions of might
 g - a potion of stabbing {unknown}
 h - a potion of flight {unknown}
 j - 2 potions of berserk rage {unknown}
 l - a potion of degeneration {unknown}
 m - 2 potions of heal wounds {unknown}
 v - a potion of invisibility {unknown}
 z - a potion of resistance {unknown}
Comestibles
 f - 6 rations


   Skills:
 - Level 5.0 Fighting
 + Level 7.1 Maces & Flails
 - Level 3.2 Armour
 - Level 5.0 Shields


You had 6 spell levels left.
You didn't know any spells.
Your spell library was empty.

Dungeon Overview and Level Annotations

Branches:
Dungeon (5/15)             Temple (0/1) D:4

Altars:
Okawaru
Ru
Trog
Wu Jian


Innate Abilities, Weirdness & Mutations

You are resistant to torment.
Your stone body is resilient. (AC +4)
You are immune to poison.
You resist negative energy. (rN+)
You are resistant to electric shocks. (rElec)
You can survive without breathing.
You are immune to petrification.
You are immune to rotting.


Message History

You start resting.
Some of the chunks of flesh in your inventory have rotted away. x2
Eating a chunk of flesh.
You eat the chunk of flesh.
This raw flesh tastes terrible.
HP restored.
You climb downwards.
The two-headed ogre hits you with a +0 giant club.
You block the two-headed ogre's attack.
The two-headed ogre hits you with a +0 giant club.
The two-headed ogre hits you with a +0 dire flail!
There is a stone staircase leading up here.
You climb upwards.
There is a stone staircase leading down here.
Your shield and chain mail prevent you from hitting the two-headed ogre.
You block the two-headed ogre's attack.
The two-headed ogre hits you with a +0 dire flail!
You hit the two-headed ogre but do no damage.
The two-headed ogre is poisoned.
The two-headed ogre hits you with a +0 giant club!!
You die...

.......####.........####........#
#.#...## ##.......## #.#......#
..#..## ##.....## ##.......#
#....# ##...## #.#...### ###.##
##'## #.#...# #.# ##### #.#
#.##### #.####...####.# #.#
#.#.........#.## #.#
#.#...........@## #.#
#.............O.#### #.#
###.........(..#...# #.#
#.##...##.#.##...####.#
#.##...##.####........#
#...............#######
#################


You could see a two-headed ogre (very poisoned).

Vanquished Creatures
  Sigmund (D:4)
  A phantom (D:4)
  A bullfrog (D:2)
  2 hounds (D:4)
  2 bullfrog skeletons (D:4)
  3 orc wizards
  3 worker ants (D:4)
  7 gnolls (D:2)
  3 adders (D:2)
  An adder skeleton (D:4)
  3 worms
  3 dart slugs
  2 leopard geckos
  5 orcs
  2 ball pythons
  4 giant cockroaches
  8 goblins
  7 hobgoblins
  6 jackals
  A quokka (D:2)
  7 bats
  4 frilled lizards
  4 kobolds
  A leopard gecko zombie (D:5)
  3 rats
84 creatures vanquished.

Vanquished Creatures (collateral kills)
  2 shadow imps (D:3)
2 creatures vanquished.

Vanquished Creatures (others)
  A shadow imp (D:3)
1 creature vanquished.

Grand Total: 87 creatures vanquished

Notes
Turn   | Place    | Note
-------+----------+-------------------------------------------
     0 | D:1      | Delamore the Gargoyle Fighter began the quest for the Orb.
     0 | D:1      | Reached XP level 1. HP: 14/14 MP: 1/1
   286 | D:1      | Reached XP level 2. HP: 15/19 MP: 2/2
  1000 | D:2      | Reached XP level 3. HP: 23/24 MP: 3/3
  1054 | D:2      | Noticed a bullfrog
  1063 | D:2      | Killed a bullfrog
  1063 | D:2      | Reached skill level 3 in Maces & Flails
  1063 | D:2      | Reached XP level 4. HP: 18/29 MP: 4/4
  1124 | D:2      | Reached XP level 5. HP: 24/34 MP: 5/5
  2298 | D:3      | Found a transporter.
  2314 | D:3      | Found a transporter.
  2827 | D:3      | Reached XP level 6. HP: 40/40 MP: 6/6
  2897 | D:4      | Reached skill level 5 in Fighting
  2897 | D:4      | Reached skill level 5 in Shields
  2911 | D:4      | Reached skill level 4 in Maces & Flails
  3135 | D:4      | Noticed Sigmund
  3147 | D:4      | Killed Sigmund
  3147 | D:4      | Reached skill level 5 in Maces & Flails
  3147 | D:4      | Reached XP level 7. HP: 32/44 MP: 7/7
  3276 | D:4      | Found an iron altar of Okawaru.
  3277 | D:4      | Found a bloodstained altar of Trog.
  3277 | D:4      | Found a sacrificial altar of Ru.
  3278 | D:4      | Found an ornate altar of the Wu Jian Council.
  3284 | D:4      | Became a worshipper of Warmaster Okawaru
  3421 | D:4      | Found a staircase to the Ecumenical Temple.
  3648 | D:4      | Reached skill level 6 in Maces & Flails
  3994 | D:5      | Entered Level 5 of the Dungeon
  4036 | D:5      | Reached skill level 7 in Maces & Flails
  4044 | D:5      | Noticed a two-headed ogre
  4266 | D:4      | Slain by a two-headed ogre

Illustrated notes

Levels and vault maps discovered:
D:1:      dpeg_arrival_signposts, layout_basic
D:2:      layout_rooms, serial_bayou_pond_d
D:3:      gammafunk_wand_slinger, layout_basic, first_ration
D:4:      layout_loops_corners, chequers_temple_overflow_statue_of_worship,
          minmay_temple_entry_statues, uniq_sigmund
D:5:      layout_basic, cheibrodos_ashenzari_chains, uniq_eustachio

Skill      XL: |  1  2  3  4  5  6  7 |
---------------+----------------------+-----
Fighting       | 4 5 |  5.0
Maces & Flails | 3 5 7 |  7.1
Shields        | 4 5 |  5.0
Armour         | |  3.2

Action                   |  1- 3 |  4- 6 |  7- 9 || total
-------------------------+-------+-------+-------++-------
Melee: Flail             |    65 |       |       ||    65
       Whip              |    23 |   152 |   130 ||   305
Evoke: Wand              |       |     6 |       ||     6
  Eat: Chunk             |     1 |     3 |     4 ||     8
       Ration            |       |     1 |       ||     1
Armor: Scale mail        |    60 |    40 |       ||   100
       Chain mail        |       |    11 |    56 ||    67
Dodge: Dodged            |    50 |    33 |    20 ||   103
Block: Kite shield       |    68 |    67 |    39 ||   174
